 Dungeon Crawl Stone Soup version 0.29-a0-299-g4c793a2ed2 (webtiles) character file.

Game seed: 9030139916920404590

107 sanka the Ducker (level 4, 0/41 HPs)
             Began as a Gnoll Monk on Mar 22, 2022.
             Hit by a boomerang thrown by an orc (3 damage)
             ... on level 3 of the Dungeon on Mar 24, 2022.
             The game lasted 00:03:06 (1976 turns).

sanka the Ducker (Gnoll Monk)                       Turns: 1976, Time: 00:03:07

Health: 0/41       AC:  2    Str: 13    XL:     4   Next: 85%
Magic:  5/5        EV: 15    Int:  9    God:
Gold:   119        SH:  0    Dex: 14    Spells: 5/5 levels left

rFire   . . .      SeeInvis .   a - +0 hand axe
rCold   . . .      Faith    .   (no shield)
rNeg    . . .      Spirit   .   b - +0 robe
rPois   .          Reflect  .   (no helmet)
rElec   .          Harm     .   (no cloak)
rCorr   .          Rampage  .   (no gloves)
Will    .....                   (no boots)
Stlth   +++.......              (no amulet)
HPRegen 0.13/turn               (no ring)
MPRegen 0.09/turn               i - ring of wizardry

@: no status effects
A: fangs 1, strong nose, distributed training
a: no special abilities


You were on level 3 of the Dungeon.
You visited 1 branch of the dungeon, and saw 3 of its levels.

You collected 119 gold pieces.


Innate Abilities, Weirdness & Mutations

You have very sharp teeth.
Your uncanny sense of smell can sniff out nearby items.
Your experience applies equally to all skills.


   Skills:
 + Level 6.6 Fighting
 + Level 1.2 Short Blades
 + Level 1.2 Long Blades
 + Level 6.6 Axes
 + Level 1.2 Maces & Flails
 + Level 1.2 Polearms
 + Level 1.2 Staves
 + Level 1.2 Slings
 + Level 1.2 Bows
 + Level 1.2 Crossbows
 + Level 1.2 Throwing
 + Level 1.2 Armour
 + Level 6.6 Dodging
 + Level 4.3 Stealth
 + Level 1.2 Shields
 + Level 1.2 Unarmed Combat
 + Level 1.2 Spellcasting
 + Level 1.0 Conjurations
 + Level 1.0 Hexes
 + Level 1.0 Summonings
 + Level 1.0 Necromancy
 + Level 1.0 Translocations
 + Level 1.0 Transmutations
 + Level 1.0 Fire Magic
 + Level 1.0 Ice Magic
 + Level 1.0 Air Magic
 + Level 1.0 Earth Magic
 + Level 1.0 Poison Magic
 + Level 1.4 Invocations
 + Level 1.2 Evocations


You had 5 spell levels left.
You didn't know any spells.
Your spell library contained the following spells:

 Spells                   Type           Power      Damage    Failure   Level
 Foxfire                  Conj/Fire      8%         2x1d4     10%         1
 Conjure Flame            Conj/Fire      2%         6-21      26%         3
 Inner Flame              Hex/Fire       2%         N/A       26%         3
 Flame Wave               Conj/Fire      2%         2d4       65%         4

Inventory:

Hand Weapons
 a - a +0 hand axe (weapon)
Armour
 b - a +0 robe (worn)
Jewellery
 i - a ring of wizardry (right hand)
Scrolls
 d - a scroll of magic mapping {unknown}
 e - a scroll of holy word {unknown}
 f - 2 scrolls of noise {unknown}
 g - a scroll of fog {unknown}
 h - a scroll of vulnerability {unknown}
 l - 3 scrolls of identify {unknown}
Potions
 c - a potion of ambrosia
 j - a potion of magic {unknown}
 k - a potion of cancellation {unknown}

Dungeon Overview and Level Annotations

Branches:
Dungeon (3/15)

Altars:

Annotations:
D:3 Robin

▒.....▒ ▒.▒▒▒.▒
▒.▒▒▒.▒▒▒.▒ ▒[........▒
▒▒▒▒..▒▒▒▒▒ ▒..▒ ▒..▒
▒..▒ ▒▒▒▒▒.▒▒▒▒ ▒.g▒
▒).)gg.... ▒..▒
▒g▒▒▒▒.▒▒▒ ▒..▒ ▒▒.▒
▒..▒ ▒.g▒ ▒.o▒ ▒▒.▒▒
▒..▒▒▒▒.▒.▒▒▒▒.▒
▒..g.o.▒▒▒.....▒
▒▒▒▒▒▒▒▒..▒▒▒▒.▒.▒▒▒▒▒▒
..........▒ ▒▒.▒▒


You could see Robin and an orc.


Message History

The goblin hits you with a +0 dagger.
* * * LOW HITPOINT WARNING * * *
Unknown command.
Unknown command.
You slash the goblin!
You kill the goblin!
Unknown command.
You hit the orc.
The orc is severely wounded.
The orc misses you.
Unknown command.
The orc attacks as you move away! The orc hits you with a +0 dagger.
* * * LOW HITPOINT WARNING * * *
Things that are here:
a +0 club; a +0 dagger; a goblin corpse The orc attacks as you move away!
The orc hits you with a +0 dagger.
* * * LOW HITPOINT WARNING * * *
The orc attacks as you move away! The orc hits you with a +0 dagger.
* * * LOW HITPOINT WARNING * * *
The orc throws a boomerang.
The boomerang misses you.
The orc throws a boomerang.
The boomerang closely misses you.
Robin roars a battlecry!
The orc throws a boomerang.
The boomerang hits you.
You die...

Action                   |  1- 3 |  4- 6 || total
-------------------------+-------+-------++-------
Melee: Hand axe          |   101 |    52 ||   153
       Bite              |     7 |     6 ||    13
       Punch             |     1 |       ||     1
 Stab: Sleeping          |     7 |     1 ||     8
       Distracted        |     1 |       ||     1
Armor: Robe              |    15 |     6 ||    21
Dodge: Dodged            |    68 |    41 ||   109

Levels and vault maps discovered:
D:1:      denvon_arrival_waterhouse, layout_basic
D:2:      minmay_evil_eye, layout_basic, minmay_heptomino_d4
D:3:      layout_loops_ring, dreamdust_ecumenical_altar_hidden_monk_grotto,
          uniq_robin

Notes
Turn   | Place    | Note
-------+----------+-------------------------------------------
     0 | D:1      | sanka the Gnoll Monk began the quest for the Orb.
     0 | D:1      | Reached XP level 1. HP: 23/23 MP: 1/1
   138 | D:1      | Reached XP level 2. HP: 29/29 MP: 2/2
   641 | D:1      | Reached XP level 3. HP: 35/35 MP: 3/3
   879 | D:2      | Upgraded the game from 0.29-a0-298-g3c90f9a769 to
                  | 0.29-a0-299-g4c793a2ed2
   899 | D:2      | Reached skill level 1 in Invocations
  1391 | D:2      | Reached skill level 1 in Short Blades
  1391 | D:2      | Reached skill level 1 in Long Blades
  1391 | D:2      | Reached skill level 1 in Maces & Flails
  1391 | D:2      | Reached skill level 1 in Polearms
  1391 | D:2      | Reached skill level 1 in Staves
  1391 | D:2      | Reached skill level 1 in Slings
  1391 | D:2      | Reached skill level 1 in Bows
  1391 | D:2      | Reached skill level 1 in Crossbows
  1391 | D:2      | Reached skill level 1 in Throwing
  1391 | D:2      | Reached skill level 1 in Armour
  1391 | D:2      | Reached skill level 1 in Shields
  1391 | D:2      | Reached skill level 1 in Unarmed Combat
  1391 | D:2      | Reached skill level 1 in Spellcasting
  1391 | D:2      | Reached skill level 1 in Evocations
  1561 | D:3      | Reached XP level 4. HP: 38/41 MP: 5/5
  1758 | D:3      | Reached skill level 1 in Conjurations
  1758 | D:3      | Reached skill level 1 in Hexes
  1758 | D:3      | Reached skill level 1 in Summonings
  1758 | D:3      | Reached skill level 1 in Necromancy
  1758 | D:3      | Reached skill level 1 in Translocations
  1758 | D:3      | Reached skill level 1 in Transmutations
  1758 | D:3      | Reached skill level 1 in Fire Magic
  1758 | D:3      | Reached skill level 1 in Ice Magic
  1758 | D:3      | Reached skill level 1 in Air Magic
  1758 | D:3      | Reached skill level 1 in Earth Magic
  1758 | D:3      | Reached skill level 1 in Poison Magic
  1942 | D:3      | Noticed Robin
  1963 | D:3      | HP: 3/41 [orc/+0 dagger (3)]
  1964 | D:3      | HP: 1/41 [orc/+0 dagger (2)]
  1976 | D:3      | Hit by a boomerang thrown by an orc

Vanquished Creatures
  4 adders
  A worm (D:2)
  A dart slug (D:1)
  3 endoplasms
  3 giant cockroaches
  18 goblins
  4 hobgoblins
  3 jackals (D:3)
  2 quokkas
  7 ball pythons
  4 bats
  5 kobolds
  4 rats
59 creatures vanquished.
